[Event "8th Svetozar Gligoric Cup 2022"]
[Site "Paracin"]
[Date "2022.06.02"]
[Round "3.11"]
[White "Ciric, Pavle"]
[Black "Ivanovic, Marko"]
[Result "0-1"]
[ECO "C77"]
[WhiteElo "2177"]
[BlackElo "2294"]
[Annotator "TA"]
[PlyCount "124"]
[EventDate "2022.05.31"]
[EventType "team-tourn"]
[EventCountry "SRB"]
[SourceTitle "playchess.com"]
[Source "ChessBase"]
[SourceQuality "1"]
[TimeControl "40/5400+30:900+30"]

1. e4 e5 2. Nf3 Nc6 3. Bb5 a6 4. Ba4 Nf6 5. Bxc6 dxc6 6. d3 Bd6 7. O-O {[%emt 0:01:00] C77: Ruy Lopez: 3...a6 4 Ba4 Nf6, unusual lines.} Qe7 8. Nbd2 Be6 9. b3 {[%emt 0:07:23] The position is equal.} Nd7 10. Nc4 f6 {[%emt 0:00:07] [#]} 11. Qe2 $146 ({Predecessor:} 11. Bd2 O-O 12. Nh4 g6 13. g3 b5 14. Ne3 f5 15. exf5 gxf5 16. Qh5 Qf7 17. Qxf7+ Rxf7 {1-0 (57) Nakamura,H (2736)-Abdusattorov,N (2627) Chess.com INT 2021}) 11... O-O-O 12. Ne3 g6 13. Bb2 h5 14. a3 g5 15. b4 Qh7 16. c4 (16. Rfb1 $11) 16... c5 (16... Nf8 $17) 17. Bc3 $11 Rdg8 18. b5 Nb8 (18... axb5 $11 {remains equal.} 19. cxb5 h4) 19. bxa6 $16 Nxa6 20. Rab1 h4 21. Nd2 ({Better is} 21. Qb2 $1 $16 c6 22. h3) 21... g4 22. f3 $1 g3 (22... gxf3 $14 23. Rxf3 (23. Qxf3 Rg6 $14) 23... Rg6) 23. h3 Qd7 24. Ng4 (24. Rb3 $1 $16) 24... Be7 25. Rfd1 Nb8 26. Nb3 Nc6 27. a4 Nd4 28. Bxd4 cxd4 29. a5 Qc6 30. Rb2 Qa6 (30... Kb8 $11) 31. Rdb1 $14 Kd7 $2 {[%emt 0:00:34][%mdl 8192] [#]} (31... Bd7 $14) 32. Nd2 $2 (32. Nxf6+ $1 $18 Kc8 (32... Kd8 33. Nxg8) 33. Nxg8 Rxg8 34. f4) 32... Rb8 33. Rb5 (33. Kh1 $14) 33... Kc8 $11 34. Qd1 Bd7 35. Qb3 (35. f4 $5) 35... Bc6 (35... Bxb5 $2 36. cxb5 Qd6 37. Nc4 $18) 36. Qa2 Ra8 $1 $15 (36... Bxb5 $2 37. cxb5 Qd6 38. Nc4 $18) 37. Kf1 Bxb5 38. cxb5 Qxa5 39. Qe6+ Kb8 40. Rd1 (40. Ke2 $17 {is tougher.} Qa3 41. Nxf6 Bxf6 42. Qxf6) 40... Bd8 $19 41. Nxf6 Bxf6 42. Qxf6 Re8 43. Qxh4 (43. Ke2 $142 Qxb5 44. Rb1) 43... Qxb5 44. Ke2 Qb2 $2 (44... Ra3 $19 {is more deadly.} 45. Nc4 Ra2+ 46. Rd2 Ra1) 45. Qxg3 $2 (45. Qh5 $17 Qb5 46. Qg6) 45... Qc2 (45... Qa2 $142 46. Qe1 Ra3) 46. Qg6 {[%emt 0:01:14] [#] Prevents Rg8.} Rc8 {[%emt 0:01:43] And now ...Ra3 would win.} 47. Qe6 Ra3 48. Qc4 Rc3 {[%emt 0:01:43] The board is on fire.} 49. Qb5 {[%emt 0:00:28] Rb1 is the strong threat.} Rc5 50. Qb1 Rh8 51. Qxc2 Rxc2 {[%emt 0:00:01][%mdl 4096] Endgame KRR-KRN} 52. Rh1 b5 53. h4 c5 54. Rb1 b4 55. g3 Kc7 {[%emt 0:00:42] Hoping for ...Ra8.} 56. Kd1 Rc3 57. Ke2 Ra8 {[%emt 0:00:10] White must now prevent ...Ra2.} 58. h5 Rc2 59. h6 Rh8 60. Rh1 b3 {[%emt 0:00:06] Threatens to win with ...b2.} 61. g4 Ra8 (61... c4 $142 {( -> ...c3)} 62. dxc4 b2) 62. h7 {[%emt 0:00:45] [#]} (62. Rd1 $19 Kd7 63. g5) 62... Rxd2+ $1 {[%emt 0:00:05][%mdl 512] What a bad dream for White.  Weighted Error Value: White=0.67/Black=0.55} 0-1

[Event "8th Svetozar Gligoric Cup 2022"]
[Site "Paracin"]
[Date "2022.06.02"]
[Round "3.12"]
[White "Brankovic, Vladislav"]
[Black "Maksimovic, Boban"]
[Result "1-0"]
[ECO "B40"]
[WhiteElo "2114"]
[BlackElo "2221"]
[Annotator "TA"]
[PlyCount "63"]
[EventDate "2022.05.31"]
[EventType "team-tourn"]
[EventCountry "SRB"]
[SourceTitle "playchess.com"]
[Source "ChessBase"]
[SourceQuality "1"]
[TimeControl "40/5400+30:900+30"]

1. e4 e6 2. d4 d5 3. Nd2 c5 4. Ngf3 cxd4 5. Nxd4 Nc6 6. Nxc6 bxc6 7. Bd3 Nf6 8. O-O Be7 9. b3 O-O 10. Bb2 a5 {[%emt 0:00:56] B40: Sicilian: 2...e6, Unusual lines.} 11. Qe2 a4 12. Rad1 Qb6 {[%emt 0:03:49] [#] The position is equal.} 13. Nf3 $146 ({Predecessor:} 13. Rb1 axb3 14. axb3 Ra2 15. Bc3 Ba6 16. Ra1 Bxd3 17. Qxd3 Rfa8 18. exd5 cxd5 19. Rxa2 Rxa2 {½-½ (40) Deak,S (2339)-Zetocha,C (2434) Hungary 2002}) 13... axb3 14. axb3 Ra2 15. Bc3 dxe4 (15... Nxe4 {feels hotter.} 16. Bxe4 dxe4 17. Qxe4 Qc5) 16. Bxe4 Qxb3 (16... Nxe4 $11 17. Qxe4 Qc5) 17. Bxf6 $16 Bxf6 {[%emt 0:45:38] [#]} 18. Bxh7+ $1 Kh8 {[%emt 0:00:00] [#]} 19. Bd3 (19. Ne5 $1 $16 {White wants to mate with Qh5.} g6 20. Bxg6 $1 fxg6 21. Nxg6+ Kg7 22. Nxf8 Kxf8 23. Qe4) 19... Qa4 (19... Qd5 $2 20. Bc4 Qa5 21. Bxa2 Qxa2 22. Rfe1 $18) (19... Qc3 $11 {keeps the balance.}) 20. Ne5 $40 {[%emt 0:05:39][%mdl 128] White has strong attack.} g6 {[%emt 0:00:00][%mdl 8192] [#] Against Qh5+. This move loses the game for Black.} (20... Qh4 $16 {was worth a try.}) 21. Bxg6 $1 $18 fxg6 22. Nxg6+ Kg7 23. Nxf8 Kxf8 24. Qf3 {[%emt 0:00:07] Inhibits Qf4.} Kg7 (24... Ke7) 25. Qg3+ Kh6 26. Qg8 Ba6 {[%emt 0:00:00] [#]} 27. Qxe6 (27. Rd7 $142 $1 Qxc2 28. Qf8+ Kg5 29. h4+ Kf5 30. g4+ Kxg4 31. Qxf6 Qf5 32. Rg7+ Kf3 {[#]} 33. Qd4 $1) 27... Kg6 28. Rd6 (28. Qe8+ $142 Kh6 29. Qf7) 28... Qf4 29. Qxa2 {[%emt 0:02:48] Threatening mate with Qg8+.} Bxf1 30. Qg8+ {[%emt 0:00:12] White mates.} Kh6 31. Qh8+ Kg6 32. Qxf6+ {[%emt 0:00:05] Weighted Error Value: White=0.13 (very precise) /Black=1.27} 1-0

[Event "8th Svetozar Gligoric Cup 2022"]
[Site "Paracin"]
[Date "2022.06.02"]
[Round "4.1"]
[White "Bogosavljevic, Boban"]
[Black "Markus, Robert"]
[Result "1/2-1/2"]
[ECO "A24"]
[WhiteElo "2527"]
[BlackElo "2613"]
[Annotator "TA"]
[PlyCount "79"]
[EventDate "2022.05.31"]
[EventType "team-tourn"]
[EventCountry "SRB"]
[SourceTitle "playchess.com"]
[Source "ChessBase"]
[SourceQuality "1"]
[TimeControl "40/5400+30:900+30"]

1. Nf3 Nf6 2. g3 g6 3. Bg2 Bg7 4. O-O O-O 5. c4 d6 6. Nc3 e5 7. d3 a5 8. a3 h6 9. Rb1 Re8 10. e4 {[%emt 0:05:55] A24: English Opening vs King's Indian: Lines without ...Nc6.} c6 11. Re1 Be6 12. h3 Na6 13. b4 axb4 14. axb4 Nc7 15. b5 Nd7 16. Be3 {[%emt 0:03:18] [#]} Qe7 $146 ({Predecessor:} 16... Kh7 17. Qc2 Nc5 18. Red1 Qd7 19. d4 exd4 20. Bxd4 Bxd4 21. Rxd4 Qe7 22. Re1 Ra5 {1-0 (44) Agostini,V (2160)-Lazan,R ICCF email 2005}) 17. Qd2 Qf8 18. g4 Nc5 19. bxc6 bxc6 20. Rb6 Ra6 21. Reb1 Rea8 22. Rxa6 N7xa6 23. d4 exd4 24. Nxd4 Bxc4 25. Nxc6 Nb3 {[%emt 0:02:26] [#]} 26. Qd1 Nac5 (26... Bxc3 27. Qc2) 27. e5 dxe5 {[%emt 0:08:28] [#]} 28. Ne4 ({Better is} 28. Ne7+ $1 $14 Qxe7 (28... Kh7 29. Bxa8) 29. Bxa8) 28... Nxe4 $11 {[%emt 0:04:55] The position is equal.} 29. Bxe4 Nd4 30. Bxd4 exd4 31. Qc2 Re8 {[%emt 0:03:07] ...Be6 is the strong threat.} 32. Qxc4 Rxe4 33. Qd5 {[%emt 0:00:38] Prevents Qd6.} Re8 34. Rb7 g5 35. Kg2 Bf6 36. Rd7 Re6 37. Nxd4 Bxd4 38. Qxd4 Qa8+ 39. Qd5 Qxd5+ 40. Rxd5 {[%emt 0:00:00] Weighted Error Value: White=0.06 (flawless) /Black=0.06 (flawless)} 1/2-1/2

[Event "8th Svetozar Gligoric Cup 2022"]
[Site "Paracin"]
[Date "2022.06.02"]
[Round "4.2"]
[White "Kovacevic, Aleksandar"]
[Black "Stankovic, Milos"]
[Result "1/2-1/2"]
[ECO "B76"]
[WhiteElo "2503"]
[BlackElo "2430"]
[Annotator "TA"]
[PlyCount "48"]
[EventDate "2022.05.31"]
[EventType "team-tourn"]
[EventCountry "SRB"]
[SourceTitle "playchess.com"]
[Source "ChessBase"]
[SourceQuality "1"]
[TimeControl "40/5400+30:900+30"]

1. e4 c5 2. Nf3 d6 3. d4 cxd4 4. Nxd4 Nf6 5. Nc3 g6 6. Be3 Bg7 7. f3 O-O 8. Qd2 Nc6 9. O-O-O d5 10. exd5 Nxd5 11. Nxc6 bxc6 12. Bd4 e5 13. Bc5 Re8 14. Ne4 {[%emt 0:01:32] B76: Sicilian Dragon: Yugoslav Attack, 9 g4 and 9 0-0-0.} Qc7 {[%emt 0:00:30] is cutting edge theory.} 15. Bc4 {[%emt 0:01:21] White is more active.} (15. h4 $5 ) 15... Be6 16. h4 {[%emt 0:01:42] Black should prevent h5. White is slightly better.} Rad8 17. Qf2 Nf4 18. Bxe6 Nxe6 19. Rxd8 Rxd8 {[%emt 0:01:36] [#]} 20. Be3 $146 ({Predecessor:} 20. h5 Qa5 21. Ba3 f5 22. Nd6 Rxd6 23. Bxd6 Qxa2 24. h6 Bf6 25. Kd2 Qd5+ 26. Kc1 Qxd6 27. Qxa7 {½-½ (46) Balakrishnan,P (2226)-Zhu,H (2193) Kitchener 2015}) 20... f5 21. Ng5 Nxg5 22. hxg5 e4 {[%emt 0:01:19][%cal Og7b2] aiming for ...Bxb2+!} 23. fxe4 {[%emt 0:06:02] [#]} (23. Bd2 $11 {and White stays safe.}) 23... Qa5 $2 (23... Bxb2+ $1 $19 24. Kxb2 Qe5+ 25. Kb3 Rb8+ 26. Kc4 Qb5+ 27. Kd4 Qb4+ 28. Kd3 Rd8+ 29. Bd4 c5) 24. a3 $1 $11 Qe5 {[%emt 0:06:13] Weighted Error Value: White=0.24 (precise) /Black=0.25 (precise)} 1/2-1/2

[Event "8th Svetozar Gligoric Cup 2022"]
[Site "Paracin"]
[Date "2022.06.02"]
[Round "4.3"]
[White "Zajic, Milan"]
[Black "Brenjo, Slavisa"]
[Result "1-0"]
[ECO "C77"]
[WhiteElo "2426"]
[BlackElo "2402"]
[Annotator "TA"]
[PlyCount "97"]
[EventDate "2022.05.31"]
[EventType "team-tourn"]
[EventCountry "SRB"]
[SourceTitle "playchess.com"]
[Source "ChessBase"]
[SourceQuality "1"]
[TimeControl "40/5400+30:900+30"]

1. e4 e5 2. Nf3 Nc6 3. Bb5 a6 4. Ba4 Nf6 5. O-O Be7 6. d3 b5 7. Bb3 O-O 8. Nc3 d6 9. a3 Rb8 {[%emt 0:00:00] C77: Ruy Lopez: 3...a6 4 Ba4 Nf6, unusual lines.} 10. Be3 Na5 11. Ba2 c5 {[%emt 0:00:00] The position is equal.} 12. b4 cxb4 (12... Nc6 $5 ) 13. axb4 Nc6 14. Rb1 Bg4 {[%emt 0:00:00] [#]} 15. Nd5 $146 ({Predecessor:} 15. h3 Bh5 16. Nd5 Nxd5 17. Bxd5 Rc8 18. c3 Bf6 19. g4 Bg6 20. Qb3 h6 21. Ra1 {1-0 (44) Kulaots,K (2574)-Melkumyan,H (2654) Minsk 2015}) 15... Nxd5 16. Bxd5 Qc8 17. c3 Bd8 18. h3 Be6 19. Qb3 Re8 20. Ra1 Bxd5 21. Qxd5 Re6 (21... a5 $14 {feels stronger.}) 22. Ra3 $16 {[%emt 0:01:24] White is more active.} h6 23. Rfa1 Ra8 24. Qa2 a5 25. Qd5 Qb7 26. bxa5 Rxa5 27. Rxa5 Bxa5 28. Rb1 Bxc3 29. Rxb5 Qa6 {[%emt 0:00:54] [#] A mistake that costs the game.} (29... Qd7 $16 30. Rb6 Nd4) 30. Rb6 $1 $18 Qa1+ 31. Kh2 Nd4 {[%emt 0:00:56] ...Nxf3+ is the strong threat.} 32. Bxd4 ({Weaker is} 32. Rxd6 Rxd6 33. Qxd6 Nxf3+ 34. gxf3 Qf1 $11) 32... Bxd4 33. Nxd4 ({Stronger than} 33. Rxd6 Qc1 $11) 33... Qxd4 34. Qxd4 exd4 {[%emt 0:00:05][%mdl 4096] Endgame KR-KR} 35. Rb8+ Kh7 36. Rb4 d5 37. exd5 Rd6 38. Rxd4 Kg6 39. f4 Kf6 40. Kg3 {[%emt 0:00:00] Hoping for Kf3.} Ke7 (40... Kg6 $142 41. Kf2 h5) 41. f5 Kd7 42. Kf4 Ra6 43. Rb4 g5+ $2 {[%emt 0:07:03] [#]} (43... Kc7 44. Ke4 f6) 44. fxg6 {[%emt 0:01:43] White is clearly winning.} fxg6 (44... Rxg6 $142 45. g4 Rg5) 45. Ke5 Ra2 46. Rg4 Ra6 47. Rg3 g5 48. Rf3 Ra2 49. g4 {[%emt 0:00:29] Weighted Error Value: White=0.08 (flawless) /Black=0.27 (precise)} 1-0

[Event "8th Svetozar Gligoric Cup 2022"]
[Site "Paracin"]
[Date "2022.06.02"]
[Round "4.4"]
[White "Omorjan, Dejan"]
[Black "Toth, Aleksandar"]
[Result "1/2-1/2"]
[ECO "D31"]
[WhiteElo "2339"]
[BlackElo "2335"]
[Annotator "TA"]
[PlyCount "61"]
[EventDate "2022.05.31"]
[EventType "team-tourn"]
[EventCountry "SRB"]
[SourceTitle "playchess.com"]
[Source "ChessBase"]
[SourceQuality "1"]
[TimeControl "40/5400+30:900+30"]

1. d4 d5 2. c4 e6 3. Nc3 a6 4. cxd5 exd5 5. Qb3 c5 6. dxc5 {[%emt 0:11:21] [#] D31: Queen's Gambit Declined: Semi-Slav without ...Nf6 (+ Marshall Gambit and Noteboom) and Exchange Variation lines without ...Nf6.} d4 $146 ({Black should play} 6... Nf6 $11) ({Predecessor:} 6... Nc6 7. Nf3 Nf6 8. Bg5 Bxc5 9. e3 d4 10. Bxf6 gxf6 11. Ne4 Bb4+ 12. Nfd2 f5 {0-1 (36) Moroni,L (2553)-Maghsoodloo,P (2671) Chess.com INT 2019}) 7. Na4 $1 $14 {[%emt 0:04:08] Hoping for e4.} Nc6 8. Nf3 {[%emt 0:06:15] aiming for e3. White is slightly better.} (8. Nb6 $5 Ra7 9. Qc2 $16 (9. Nxc8 Qxc8 10. Qc2 Nf6 $16)) 8... Bxc5 {[%emt 0:03:14][%mdl 64] [#] Decoy} 9. Nxc5 Qa5+ 10. Bd2 Qxc5 11. Rc1 Qd6 12. e3 {[%emt 0:07:34] And now Bc4 would win.} Nf6 13. exd4 (13. Qd3 $14) 13... O-O $11 14. Qa3 Qd8 15. Be3 Bg4 16. Be2 Bxf3 17. Bxf3 Nxd4 18. Bxd4 (18. Bxb7 {is interesting.} Ra7 19. Qb4 Re8 20. O-O) 18... Qxd4 19. O-O Rab8 20. Rfd1 Qe5 21. Qc3 Qb5 22. Rd4 Rfe8 23. Qd2 Qe5 24. h4 Qe7 25. Rd1 {[%emt 0:02:00] White is more active.} h6 26. Qf4 Rbc8 27. Qd6 Rc2 28. Qxe7 Rxe7 29. Rb4 b5 30. a4 bxa4 31. Rxa4 {[%emt 0:02:20] Weighted Error Value: White=0.15 (very precise) /Black=0.13 (very precise)} 1/2-1/2

[Event "8th Svetozar Gligoric Cup 2022"]
[Site "Paracin"]
[Date "2022.06.02"]
[Round "4.5"]
[White "Atalik, Suat"]
[Black "Savicevic, Vlatko"]
[Result "1/2-1/2"]
[ECO "A13"]
[WhiteElo "2459"]
[BlackElo "2284"]
[Annotator "TA"]
[PlyCount "131"]
[EventDate "2022.05.31"]
[EventType "team-tourn"]
[EventCountry "SRB"]
[SourceTitle "playchess.com"]
[Source "ChessBase"]
[SourceQuality "1"]
[TimeControl "40/5400+30:900+30"]

1. c4 e6 2. g3 d5 3. Bg2 dxc4 4. Qa4+ Nd7 5. Qxc4 c5 6. Nf3 Ngf6 7. O-O a6 8. d3 Bd6 9. Qb3 Rb8 10. Nc3 O-O {[%emt 0:03:55] A13: English Opening: 1...e6.} 11. Rd1 b6 {[%emt 0:17:40] [#]} 12. Ne4 $146 ({Predecessor:} 12. d4 Bb7 13. Bg5 Qc7 14. Bxf6 Nxf6 15. dxc5 {½-½ (15) Bischoff,K (2465)-Lau,R (2540) Munich 1988}) 12... Nxe4 13. dxe4 Qc7 14. Qd3 Be7 (14... Be5 15. Nxe5 Nxe5 16. Bf4 $14) 15. e5 (15. b3 $11) 15... c4 $15 16. Qd4 b5 17. h4 Bc5 18. Qg4 f5 (18... Nxe5 $2 19. Nxe5 f6 20. b4 (20. Nc6 Rb6 $18) 20... cxb3 21. Nc6 $18) 19. Qh5 {[%emt 0:00:27] Ng5 is the strong threat.} Nb6 $1 20. Bf4 Qf7 ({Better is} 20... Na4 $17 21. Rd6 (21. Ng5 h6 $17) 21... Qa7) 21. Qxf7+ $11 Kxf7 22. e4 {[%emt 0:02:44] White wants to play exf5.} fxe4 (22... Na4 $11) 23. Ng5+ $16 {[%emt 0:01:11][%mdl 64] [#] Discovered Attack, Double Attack} Kg8 24. Nxe4 Be7 25. Bg5 Bxg5 26. hxg5 (26. Nxg5 Na4 $14) 26... Bb7 27. Rd6 Na4 28. b3 $36 {[%emt 0:03:44][%mdl 2048] White is more active.} ({Much weaker is} 28. Rxe6 $6 Bxe4 29. Bxe4 Nc5 $11) 28... Bxe4 29. Bxe4 Nc5 30. Bc2 a5 31. bxc4 b4 ({Black should play} 31... bxc4 $14 32. Rb1 Rxb1+ 33. Bxb1 Rb8) 32. g6 hxg6 33. Bxg6 Rfc8 {[%emt 0:00:49] [#]} (33... a4 $16 34. Kg2 Rfd8) 34. f4 (34. Kg2 $1 $18) 34... a4 35. g4 {[%emt 0:00:35] White is more active.} Kf8 (35... b3 $11) 36. f5 Ke7 37. g5 (37. Rf1 $16) 37... exf5 $11 38. Bxf5 Rc7 (38... Rf8 $5 39. Rf1 b3 40. axb3 (40. Rc6 $2 Rxf5 41. Ra1 Rxg5+ 42. Kf2 b2 $19) 40... axb3 $11) 39. Rg6 (39. Rf1 {feels hotter.} b3 40. axb3 axb3 41. Bg6) 39... Kf8 40. Rf1 Kg8 (40... Re7 $11) 41. Rd6 $16 b3 42. axb3 axb3 43. g6 {[%emt 0:03:12] Inhibits Rf7.} b2 44. Bb1 Rf8 45. Rb6 (45. Rfd1 $14 {might be stronger.}) 45... Rb7 $11 {[%emt 0:00:59] The position is equal.} 46. Rxb7 Rxf1+ 47. Kxf1 Nxb7 {[%emt 0:00:07][%mdl 4096] Endgame KB-KN} 48. Ke2 Nc5 49. Ke3 Kf8 50. Kd4 Nb3+ 51. Kc3 Na5 52. c5 Ke7 53. Kxb2 Nc4+ 54. Kc3 Nxe5 55. Be4 Nd7 56. Kd4 Nxc5 57. Kxc5 {[%emt 0:00:05] KB-KP} Kf8 58. Bd5 Ke7 59. Kd4 Kf8 60. Ke5 Ke7 61. Bc4 Kf8 62. Kd6 Ke8 63. Bg8 Kf8 $1 64. Kd7 Kxg8 65. Ke8 Kh8 66. Kf8 {[%emt 0:00:01] Weighted Error Value: White=0.12 (very precise) /Black=0.15 (very precise)} 1/2-1/2

[Event "8th Svetozar Gligoric Cup 2022"]
[Site "Paracin"]
[Date "2022.06.02"]
[Round "4.6"]
[White "Simic, Dragisa"]
[Black "Markovic, Miroslav"]
[Result "1/2-1/2"]
[ECO "B15"]
[WhiteElo "2290"]
[BlackElo "2271"]
[Annotator "TA"]
[PlyCount "28"]
[EventDate "2022.05.31"]
[EventType "team-tourn"]
[EventCountry "SRB"]
[SourceTitle "playchess.com"]
[Source "ChessBase"]
[SourceQuality "1"]
[TimeControl "40/5400+30:900+30"]

1. e4 c6 2. d4 g6 3. Nc3 Bg7 4. Nf3 d5 5. h3 dxe4 6. Nxe4 Bf5 {[%emt 0:01:50] 6...Nf6 is a critical line.} 7. Bd3 {[%emt 0:05:44] B15: Caro-Kann: 3 Nc3: 3...g6 and 3...dxe4 4 Nxe4 Nf6 5 Nxf6+ exf6.} Nd7 (7... Bxd4 {with more complications.} 8. Neg5 Bb6 9. Bc4 Qxd1+ 10. Kxd1 h6) 8. O-O {[%emt 0:02:01] [#]} Bxe4 $146 ({Predecessor:} 8... Ngf6 9. Nxf6+ Nxf6 10. Bxf5 gxf5 11. Ne5 O-O 12. c3 e6 13. Bg5 h6 14. Bh4 Qc7 {½-½ (30) Oppitz,P (2265)-Buehler,O Germany 1989}) 9. Bxe4 Ngf6 10. Bd3 O-O 11. Re1 c5 12. c3 cxd4 13. Nxd4 e5 14. Nb3 Qc7 {[%emt 1:12:13] Weighted Error Value: White=0.15 (very precise) /Black=0.10 (very precise)} 1/2-1/2

[Event "8th Svetozar Gligoric Cup 2022"]
[Site "Paracin"]
[Date "2022.06.02"]
[Round "4.7"]
[White "Saric, Sinisa"]
[Black "Adzic, Momcilo"]
[Result "1-0"]
[ECO "D36"]
[WhiteElo "2411"]
[BlackElo "2203"]
[Annotator "TA"]
[PlyCount "65"]
[EventDate "2022.05.31"]
[EventType "team-tourn"]
[EventCountry "SRB"]
[SourceTitle "playchess.com"]
[Source "ChessBase"]
[SourceQuality "1"]
[TimeControl "40/5400+30:900+30"]

1. d4 Nf6 2. c4 e6 3. Nc3 d5 4. cxd5 exd5 5. Bg5 c6 6. Qc2 Nbd7 7. e3 Bd6 8. Bd3 h6 9. Bh4 O-O 10. Nge2 Re8 11. h3 Qe7 {[%emt 0:04:25] D36: Queen's Gambit Declined: Exchange Variation: Main line (5 Bg5 c6 6 Qc2).} 12. g4 {[%emt 0:10:22] [#]} g5 $146 (12... b5 $11 {remains equal.}) ({Predecessor:} 12... Nf8 13. O-O-O Ne6 14. Kb1 Ng5 15. Bg3 Nge4 16. Bxe4 dxe4 17. Bh4 g5 18. Bg3 Be6 19. Bxd6 Qxd6 {1-0 (38) Kirdar,M-Albayrak,M (1818) Antalya 2013}) 13. Bg3 $16 Ne4 (13... Bb8 $16) 14. Bxe4 $18 dxe4 15. Bxd6 Qxd6 16. Nxe4 Rxe4 (16... Qg6 {keeps fighting.}) 17. Qxe4 Qb4+ 18. Kf1 Qxb2 19. Qb1 Qd2 20. Qb3 Qa5 21. f3 b6 22. Kf2 Ba6 23. Qc3 Qb5 (23... Qxc3 {was worth a try.} 24. Nxc3 Rd8) 24. Ng3 Re8 25. a4 Qd5 (25... Qd3 $142 26. Qxd3 Bxd3) 26. e4 Qe6 27. h4 Nf6 28. hxg5 hxg5 29. Qe3 Nh7 {[%emt 0:00:00] [#]} 30. Rxh7 $1 {[%emt 0:00:00][%cal Og3f5][%mdl 512] White threatens Nf5! and mate.} Kxh7 (30... f6 31. Rxa7) 31. Qxg5 {[%emt 0:00:00] White wants to mate with Rh1+.} Qg6 32. Rh1+ Kg8 33. Qh4 {[%emt 0:03:30] White took control after the opening.  Weighted Error Value: White=0.09 (flawless) /Black=0.80} 1-0

[Event "8th Svetozar Gligoric Cup 2022"]
[Site "Paracin"]
[Date "2022.06.02"]
[Round "4.8"]
[White "Vuksanovic, Zvezdan"]
[Black "Vratonjic, Slobo"]
[Result "1/2-1/2"]
[ECO "A36"]
[WhiteElo "2187"]
[BlackElo "2254"]
[Annotator "TA"]
[PlyCount "44"]
[EventDate "2022.05.31"]
[EventType "team-tourn"]
[EventCountry "SRB"]
[SourceTitle "playchess.com"]
[Source "ChessBase"]
[SourceQuality "1"]
[TimeControl "40/5400+30:900+30"]

1. Nf3 c5 2. c4 Nc6 3. g3 g6 4. Bg2 Bg7 5. O-O d6 6. d3 e6 7. Nc3 Nge7 8. e4 O-O 9. Be3 Nd4 {[%emt 0:00:45] A36: Symmetrical English vs ...g6: 4 Bg2 Bg7.} 10. Qd2 Nec6 11. Bh6 Nxf3+ 12. Bxf3 Ne5 13. Be2 Bxh6 14. Qxh6 f5 {[%emt 0:00:13] [#]} 15. f4 $146 ({Predecessor:} 15. Qe3 Bd7 16. Rad1 Nc6 17. Nb5 Qe7 18. d4 a6 19. dxc5 axb5 20. cxb5 f4 21. gxf4 {1-0 (66) Zeynalov,F (2280)-Kekelidze,M (2520) Baku 2006}) 15... Nf7 16. Qh3 Bd7 17. Qg2 (17. exf5 {is more complex.} gxf5 18. g4 Qf6 19. gxf5 exf5 20. Nd5) 17... Bc6 18. Bf3 Rc8 19. Rae1 Qf6 20. Qf2 Rfe8 21. Kg2 Re7 22. Re2 Rce8 {[%emt 0:08:34] Weighted Error Value: White=0.09 (flawless) /Black=0.11 (very precise)} 1/2-1/2

[Event "8th Svetozar Gligoric Cup 2022"]
[Site "Paracin"]
[Date "2022.06.02"]
[Round "4.9"]
[White "Maksimovic, Bojan"]
[Black "Pavkov, Nebojsa"]
[Result "1-0"]
[ECO "A41"]
[WhiteElo "2445"]
[BlackElo "2207"]
[Annotator "TA"]
[PlyCount "72"]
[EventDate "2022.05.31"]
[EventType "team-tourn"]
[EventCountry "SRB"]
[SourceTitle "playchess.com"]
[Source "ChessBase"]
[SourceQuality "1"]
[TimeControl "40/5400+30:900+30"]

1. d4 d6 2. Nf3 g6 3. c4 Bg7 4. Nc3 Nc6 5. d5 Nb8 6. e4 {[%emt 0:00:31] A41: 1 d4 d6: Tartakower System and Modern Defence.} Nf6 7. h3 Nbd7 8. Bd3 {[%emt 0:02:00] White is slightly better.} Nc5 9. Bc2 O-O 10. Be3 a5 11. O-O Nfd7 {[%emt 0:01:09] [#]} 12. Re1 $146 ({Predecessor:} 12. Bd4 e5 13. dxe6 Nxe6 14. Bxg7 Kxg7 15. Nd5 Ne5 16. Nd4 c6 17. f4 Nxc4 18. Nxe6+ Bxe6 {½-½ (67) Abdusattorova,B (2232)-Hotami,M (1714) Dushanbe 2015}) 12... Nb6 13. Bd4 Bxd4 14. Qxd4 {[%emt 0:00:09] Hoping for e5.} (14. Nxd4 Nxc4 15. Qe2 Nb6 $15) 14... f6 {[%emt 0:02:44] Against e5} 15. b3 Nbd7 16. Qd2 (16. Nh4 {feels hotter.} g5 17. Nf5 e6 18. dxe6 Nxe6 19. Qe3) 16... e5 17. dxe6 Nxe6 18. Rad1 Qe7 19. Nd5 Qg7 20. Nh2 Nb8 (20... g5 $14) 21. Ng4 Nc6 22. Qc3 {[%emt 0:03:21] 0x0.0020625a6de0dp-1022s more active pieces. The black rooks are badly placed.} Ne5 23. Nge3 {[%emt 0:01:01] Threatens to win with f4.} Qh6 {[%emt 0:18:31] Inhibits f4.} 24. f4 Nxf4 25. Nxf4 {[%emt 0:00:11][%mdl 64] Remove Defender} (25. Nxc7 Qg5 $1 26. Ng4 (26. Nxa8 $2 Qg3 $19) (26. Rxd6 $2 Qg3 $19) 26... Bxg4 27. hxg4 Nxg4 $1 $17) 25... Qxf4 26. Nd5 Qh4 (26... Qg5 $16) 27. Nxc7 $18 f5 $2 (27... Rb8 28. Rf1 (28. Rxd6 Nf3+ 29. Qxf3 Qxe1+ 30. Kh2 Kg7 $11) 28... Rf7) 28. exf5 (28. Nxa8 f4 $18) 28... Bxf5 29. Bxf5 Rxf5 {[%emt 0:00:06] [#]} 30. Rxe5 ({Stronger than} 30. Nxa8 Nf3+ 31. Kh1 (31. gxf3 Qg3+ 32. Kf1 Rxf3+ 33. Qxf3 Qxf3+ 34. Kg1 Qg3+ 35. Kf1 Qf3+ 36. Kg1 Qg3+ 37. Kf1 Qf3+ $11) 31... Qg3 32. Qxf3 (32. gxf3 Qxh3+ 33. Kg1 Qg3+ 34. Kf1 Rxf3+ 35. Qxf3 Qxf3+ 36. Kg1 Qg4+ 37. Kf2 Qf5+ 38. Kg2 Qg4+ 39. Kh2 Qh5+ 40. Kg3 Qg5+ 41. Kf3 Qd8 $11) (32. Re8+ $2 Kf7 $19) 32... Rxf3 33. gxf3 Qxh3+ 34. Kg1 Qg3+ 35. Kh1 Qxf3+ 36. Kh2 Qf4+ 37. Kh3 Qf3+ 38. Kh2 Qf4+ 39. Kh3 Qf3+ 40. Kh2 $11) 30... Qf2+ 31. Kh1 dxe5 32. Nxa8 g5 33. Qd2 Qg3 34. Qd3 Qf4 35. Nc7 {[%emt 0:00:23] Ne6 would kill now.} g4 36. Nd5 (36. Ne6 $142 e4 37. Qd8+ Rf8 38. Nxf8 Qxf8 39. Qg5+ Kh8 40. Rd8 Qxd8 41. Qxd8+ Kg7 42. Qe7+ Kg6 43. c5) 36... Qg5 {[%emt 0:00:19] Weighted Error Value: White=0.46/Black=0.64} 1-0